 Dungeon Crawl Stone Soup version 0.31.0-11-ge490571c62 (webtiles) character file.

Game seed: 11100024864025034565

67 qw the Shooter (level 3, 0/18 HPs)
             Began as a Spriggan Hunter on Feb 4, 2024.
             Slain by an adder (1 damage)
             ... on level 2 of the Dungeon.
             The game lasted 00:00:04 (1139 turns).

qw the Shooter (Spriggan Hunter)                    Turns: 1139, Time: 00:00:05

Health: 0/18       AC:  2    Str:  7    XL:     3   Next: 98%
Magic:  4/4        EV: 19    Int: 10    God:
Gold:   228        SH:  0    Dex: 20    Spells: 2/2 levels left

rFire   . . .        a - +0 shortbow
rCold   . . .        (shield currently unavailable)
rNeg    . . .        c - +0 robe
rPois   .            (helmet restricted)
rElec   .            (no cloak)
rCorr   .            (gloves unavailable)
SInv    +            (boots unavailable)
Will    .....        (no amulet)
Stlth   ++           (no ring)
HPRegen 0.23/turn    (no ring)
MPRegen 0.09/turn

%: no passive effects
@: lethally poisoned (0 -> -3), very quick
A: very small, no large weapons, unfitting armour, see invisible, speed 3
a: no special abilities


You were on level 2 of the Dungeon.
You visited 1 branch of the dungeon, and saw 2 of its levels.

You collected 228 gold pieces.


Innate Abilities, Weirdness & Mutations

You are very small and have problems with some larger weapons.
You are too small for most types of armour.
You have supernaturally acute eyesight. (SInv)
You cover ground extremely quickly. (Speed+++)


   Skills:
 - Level 1.5 Fighting
 - Level 5.0 Ranged Weapons
 + Level 4.2 Dodging
 - Level 1.5 Stealth


You had 2 spell levels left.
You didn't know any spells.
Your spell library was empty.

Inventory:

Hand Weapons
 a - a +0 shortbow (weapon)
Armour
 c - a +0 robe (worn)
Scrolls
 d - a scroll of revelation {unknown}
 e - a scroll of silence {unknown}
Potions
 b - a potion of curing
 f - 2 potions of magic {unknown}
 h - a potion of might {unknown}

Dungeon Overview and Level Annotations

Branches:
Dungeon (2/15)

Altars:

Shops:
D:1 *


Message History

The ball python misses you. The ball python closely misses you.
The adder completely misses you.
The ball python bites you but does no damage.
The ball python barely misses you.
You shoot an arrow. The arrow misses the adder.
The adder completely misses you. The ball python completely misses you.
The ball python grabs you. The ball python constricts you.
The adder misses you.
You shoot an arrow. The arrow hits the ball python!
You kill the ball python!
The adder closely misses you.
You shoot an arrow. The arrow misses the adder.
The adder bites you. The adder closely misses you.
You shoot an arrow. The arrow closely misses the adder.
The adder completely misses you.
You shoot an arrow. The arrow hits the adder.
The adder is severely wounded.
The adder barely misses you. The adder bites you but does no damage.
You shoot an arrow.
The arrow hits the adder but does no damage.
The adder is severely wounded.
The adder misses you.
You shoot an arrow. The arrow closely misses the adder.
The adder completely misses you. The adder misses you.
You shoot an arrow. The arrow hits the adder.
The adder is severely wounded.
The adder closely misses you.
You shoot an arrow. The arrow closely misses the adder.
The adder misses you. x2
You shoot an arrow. The arrow barely misses the adder.
The adder bites you.
You are lethally poisoned!
The adder poisons you!
You shoot an arrow. The arrow hits the adder.
The adder is almost dead.
You feel sick. The adder bites you. The adder barely misses you.
You shoot an arrow.
The arrow hits the adder but does no damage.
The adder is severely wounded.
You feel sick. The adder bites you.
You die...

#. #.## ...< ... #%##
#...## #.S.#######
+..@%..#..# #...#..#..#
#+#####...#####%####
+.....#...#.....'..# #####
#.....#...#.....#.%# #....
#?....'...'.....##'# #.###
#.....#...#.....#..# #.###
+.....#...#.....'..# #.##.
#+#####...#####'######....


You could see an adder.

Vanquished Creatures
  3 adders (D:2)
  11 ball pythons
  4 bats (D:1)
  An endoplasm (D:1)
  2 goblins
  3 hobgoblins
  2 kobolds (D:2)
  3 quokkas
  5 frilled lizards
  4 rats (D:1)
38 creatures vanquished.

Notes
Turn   | Place    | Note
-------+----------+-------------------------------------------
     0 | D:1      | qw the Spriggan Hunter began the quest for the Orb.
     0 | D:1      | Reached XP level 1. HP: 10/10 MP: 2/2
     0 | D:1      | 0 ||| qw: Version: 0.3-a-160-g6735b56
     0 | D:1      | 0 ||| qw: Game counter: 5478
     0 | D:1      | 0 ||| qw: Melee chars always use a shield: true
     0 | D:1      | 0 ||| qw: God list: Okawaru
     0 | D:1      | 0 ||| qw: Allow faded altars: false
     0 | D:1      | 0 ||| qw: Do Orc after clearing Dungeon:15 true
     0 | D:1      | 0 ||| qw: Do second Lair branch before Depths: true
     0 | D:1      | 0 ||| qw: Lair rune preference: random
     0 | D:1      | 0 ||| qw: Goals: Normal
     0 | D:1      | 0 ||| PLANNING D:1-11
    47 | D:1      | Reached skill level 3 in Dodging
    51 | D:1      | You fall into a shaft and drop 1 floor!
    61 | D:2      | Reached XP level 2. HP: 14/14 MP: 3/3
    64 | D:2      | 64 ||| READING scroll labelled XAT LEJOBEI.
    64 | D:2      | 64 ||| IDENTIFYING amethyst potion
    65 | D:2      | 65 ||| DROPPING scroll of butterflies.
    66 | D:2      | 66 ||| DROPPING potion of brilliance.
    76 | D:1      | Found Ytiept's General Store.
   337 | D:1      | Reached XP level 3. HP: 18/18 MP: 4/4
   630 | D:1      | 630 ||| READING scroll of identify.
   630 | D:1      | 630 ||| IDENTIFYING smoky silvery potion
   631 | D:1      | 631 ||| READING scroll labelled CYONUIGRIC.
   632 | D:1      | 632 ||| READING scroll labelled DEMIXU ACKA.
  1076 | D:2      | Reached skill level 5 in Ranged Weapons
  1138 | D:2      | HP: 3/18 [poisoned by an adder]
  1139 | D:2      | HP: 1/18 [poisoned by an adder]
  1139 | D:2      | Slain by an adder

Levels and vault maps discovered:
D:1:      dpeg_arrival_long_road, layout_loops_cross, serial_shops, shop_coins,
          serial_bayou_pond_c, minmay_pentomino_x2
D:2:      layout_loops_cross, hellmonk_ecumenical_altar_inner_sanctum,
          minmay_snake_closets

Skill      XL: |  1  2  3 |
---------------+----------+-----
Dodging        | 4 |  4.2
Ranged Weapons | 5 |  5.0
Fighting       | |  1.5
Stealth        | |  1.5

Action                     || total
---------------------------++-------
   Fire: Shortbow          ||   121
    Use: Scroll            ||     4
 Armour: Robe              ||    29
  Dodge: Dodged            ||    89

Table legend:
 A = Non-vault XP
 B = Vault XP
 C = Vault XP percentage of total XP
 D = Non-vault monster count
 E = Vault monster count
 F = Vault count percentage of total count
                 A         B        C        D         E       F
            +---------+---------+-------+---------+---------+-------
      Total |      70 |      26 |  27.1 |      30 |       8 |  21.1
            +---------+---------+-------+---------+---------+-------
        D:1 |      30 |       1 |   3.2 |      21 |       1 |   4.5
        D:2 |      40 |      25 |  38.5 |       9 |       7 |  43.8
            +---------+---------+-------+---------+---------+-------
